 Dungeon Crawl Stone Soup version 0.21.1-1-g345015f (webtiles) character file.

242 inc the Scratcher (level 5, 0/31 HPs)
             Began as a Felid Chaos Knight on Feb 23, 2018.
             Succumbed to an adder's poison
             ... on level 6 of the Dungeon.
             The game lasted 00:08:02 (4142 turns).

inc the Scratcher (Felid Chaos Knight)              Turns: 4142, Time: 00:08:02

Health: 0/31       AC:  5    Str: 13    XL:     5   Next: 81%
Magic:  15/15      EV: 24    Int: 14    God:    Xom [.*....]
Gold:   195        SH:  0    Dex: 21    Spells: 4/4 levels left
                                        Lives:  0   Deaths: 1

rFire    + . .     SeeInvis +     - Unarmed
rCold    . . .     Gourm    .   (shield unavailable)
rNeg     . . .     Faith    .   (armour unavailable)
rPois    .         Spirit   .   (helmet unavailable)
rElec    .         Reflect  .   (cloak unavailable)
rCorr    .         Harm     .   (gloves unavailable)
MR       .....                  (boots unavailable)
Stlth    ..........             (no amulet)
HPRegen  0.10/turn              h - ring of magical power
MPRegen  0.14/turn              k - ring of protection from fire

@: agile, berserking, lethally poisoned (0 -> -5), flying, very quick
A: very small, no armour, no weapons or thrown items, stealth, claws 1, fangs 3,
icy blue scales 1, thin metallic scales 1, see invisible, carnivore, speed 1,
frail 1, high mp 1, shaggy fur 1, slow metabolism 1, MP-powered wands, sharp
paws
a: Renounce Religion


You were on level 6 of the Dungeon.
You worshipped Xom.
You were a plaything of Xom.
You were not hungry.

You visited 1 branch of the dungeon, and saw 6 of its levels.

You collected 195 gold pieces.

Inventory:

Jewellery
 h - a ring of magical power (left paw)
 k - a ring of protection from fire (right paw)
Wands
 j - a wand of flame (17)
 m - a wand of scattershot (6)
Scrolls
 b - a scroll of remove curse
 c - a scroll of amnesia {unknown}
 d - a scroll of immolation {unknown}
 e - 2 scrolls of teleportation
 g - a scroll of random uselessness {unknown}
 n - a scroll of identify {unknown}
 p - a scroll of noise {unknown}
Comestibles
 a - 7 rations


   Skills:
 - Level 3.0 Fighting
 - Level 3.2 Dodging
 + Level 4.2 Stealth
 - Level 6.4 Unarmed Combat


You had 4 spell levels left.
You didn't know any spells.

Dungeon Overview and Level Annotations

Branches:
Dungeon (6/15)
 Temple: D:4-7

Altars:
Fedhas
Gozag
Ru
Xom
Zin

Annotations:
D:2 Sigmund
D:3 Ijyb, Natasha
D:4 inc's ghost, weakling FeCK


Innate Abilities, Weirdness & Mutations

You cannot wear armour.
You are incapable of wielding weapons or throwing items.
Your paws allow you to move quietly. (Stealth)
You have sharp claws.
You have razor-sharp teeth.
You have supernaturally acute eyesight. (SInv)
You are carnivorous and can eat meat at any time.
You cover ground quickly.
You are covered in fur. (AC +1)
You have a slow metabolism.
Your sharp claws are effective at attacking unaware monsters.
You are partially covered in icy blue scales. (AC +2)
You are partially covered in thin metallic scales. (AC +2)
You are frail. (-10% HP)
You have an increased reservoir of magic. (+10% MP)
You expend magic power (3 MP) to strengthen your wands.


Message History

You feel sick.
* * * LOW HITPOINT WARNING * * *
You feel sick.
* * * LOW HITPOINT WARNING * * *
You feel sick.
It was a potion of agility.
You feel agile all of a sudden.
* * * LOW HITPOINT WARNING * * *
You feel sick.
It was a potion of flight.
You feel very buoyant.
You fly up into the air.
It was a potion of berserk rage.
A red film seems to cover your vision as you go berserk!
You feel yourself moving faster!
You feel mighty!
* * * LOW HITPOINT WARNING * * *
You feel sick.
You feel a strong urge to attack something.
You die...
Xom titters!

. #. #.. ..
#.##
#...######
#.@.<..#
#####.......
......o
.......
.......
.......
......#
....#..


There were no monsters in sight!

Vanquished Creatures
  A centaur (D:5)
  An orc wizard (D:3)
  Jessica (D:2)
  Natasha (D:3)
  A hound skeleton (D:4)
  A gnoll (D:1)
  Robin (D:2)
  7 adders
  A worm (D:2)
  2 dart slugs
  9 orcs
  8 bats
  5 giant cockroaches
  17 goblins
  7 hobgoblins
  2 kobolds
  A ball python (D:4)
  3 frilled lizards
  3 rats
72 creatures vanquished.

Vanquished Creatures (collateral kills)
  An orc wizard (D:4)
  2 orcs (D:4)
3 creatures vanquished.

Grand Total: 75 creatures vanquished

Notes
Turn   | Place    | Note
-------+----------+-------------------------------------------
     0 | D:1      | inc the Felid Chaos Knight began the quest for the Orb.
     0 | D:1      | Reached XP level 1. HP: 10/10 MP: 2/2
   148 | D:1      | Reached XP level 2. HP: 2/14 MP: 3/3
   330 | D:1      | XOM: harmless Erth miscast
   385 | D:1      | XOM: divination: magic mapping
   521 | D:1      | Reached skill level 4 in Unarmed Combat
   552 | D:1      | XOM: silly message
   559 | D:1      | XOM: 2-stop teleportation journey
   601 | D:1      | Reached XP level 3. HP: 17/17 MP: 4/4
   651 | D:1      | XOM: give mutations
   651 | D:1      | Gained mutation: You are dopey. (Int -2) [Xom's mischief]
   651 | D:1      | Gained mutation: You have an increased reservoir of magic. (+10% MP) [Xom's mischief]
   651 | D:1      | Gained mutation: You are partially covered in icy blue scales. (AC +2) [Xom's mischief]
  1221 | D:2      | Noticed Robin
  1227 | D:2      | XOM: swap monsters
  1237 | D:2      | Killed Robin
  1237 | D:2      | Reached XP level 4. HP: 7/21 MP: 5/5
  1244 | D:2      | HP: 1/21 [hobgoblin/club[Robin] (1)]
  1471 | D:1      | XOM: scenery: 1 doors close
  1506 | D:1      | XOM: god gift: gnarled smoking staff {god gift}
  1535 | D:1      | Reached skill level 5 in Unarmed Combat
  1669 | D:2      | Noticed Jessica
  1679 | D:2      | Killed Jessica
  1849 | D:2      | Found an opulent altar of Gozag.
  1918 | D:2      | XOM: harmless Conj miscast
  1924 | D:2      | Found a blossoming altar of Fedhas.
  1924 | D:2      | Found a shimmering altar of Xom.
  1925 | D:2      | Found a sacrificial altar of Ru.
  1940 | D:2      | Noticed Sigmund
  1947 | D:3      | Noticed Natasha
  1957 | D:3      | Killed Natasha
  1975 | D:3      | Reached XP level 5. HP: 22/24 MP: 6/6
  2086 | D:3      | Noticed Ijyb
  2098 | D:3      | XOM: butterfly on damage
  2100 | D:3      | XOM: enchant monster (bad)
  2453 | D:2      | Found a glowing silver altar of Zin.
  2552 | D:2      | XOM: 5-stop teleportation journey
  2567 | D:2      | XOM: stat loss: -1 Dex (15/16)
  2772 | D:3      | Reached skill level 6 in Unarmed Combat
  2806 | D:3      | XOM: smoke on damage
  2895 | D:2      | XOM: torment (7/24 hp)
  2927 | D:2      | XOM: give mutations
  2927 | D:2      | Gained mutation: You expend magic power (3 MP) to strengthen your wands. [Xom's mischief]
  2927 | D:2      | Gained mutation: You are frail. (-10% HP) [Xom's mischief]
  2927 | D:2      | Lost mutation: You are dopey. (Int -2) [Xom's mischief]
  2927 | D:2      | Gained mutation: You are partially covered in thin metallic scales. (AC +2) [Xom's mischief]
  3051 | D:2      | XOM: mild Tmut miscast
  3259 | D:3      | Noticed Natasha
  3537 | D:4      | Noticed inc's ghost (weakling FeCK)
  3631 | D:4      | XOM: butterfly on damage
  3633 | D:4      | Slain by an iguana
  3634 | D:4      | Reached XP level 4. HP: -1/18 MP: 14/14
  3636 | D:4      | XOM: mild Necr miscast
  3664 | D:4      | XOM: 3-stop teleportation journey
  3929 | D:4      | Reached skill level 1 in Stealth
  4001 | D:4      | XOM: cast spell 'Discord'
  4009 | D:4      | Reached XP level 5. HP: 21/21 MP: 6/6
  4020 | D:5      | Entered Level 5 of the Dungeon
  4020 | D:5      | Noticed an ogre
  4070 | D:5      | Noticed a centaur
  4085 | D:5      | Killed a centaur
  4117 | D:5      | XOM: 1-stop teleportation journey
  4138 | D:6      | HP: 1/21 [poisoned by an adder]
  4142 | D:6      | Succumbed to an adder's poison

Skill      XL: |  1  2  3  4  5 |
---------------+----------------+-----
Unarmed Combat | 4 5 6 |  6.4
Stealth        | 2 4 |  4.2
Fighting       | |  3.0
Dodging        | |  3.2

Action                   |  1- 3 |  4- 6 || total
-------------------------+-------+-------++-------
Melee: Unarmed           |    72 |   179 ||   251
       Bite              |     4 |     6 ||    10
       Punch             |     3 |       ||     3
  Use: Potion            |     1 |     5 ||     6
       Scroll            |       |     2 ||     2
 Stab: Distracted        |     1 |       ||     1
       Sleeping          |     3 |     1 ||     4
  Eat: Chunk             |       |     7 ||     7
Armor: Skin              |    11 |    33 ||    44
Dodge: Dodged            |    61 |   179 ||   240
